Map: [EWC] Post-Youth

Players

Dark - Winner!

  • Race: Zerg Zerg
  • Spawn Location: 1:00

Astrea

  • Race: Protoss Protoss
  • Spawn Location: 7:00

Event: Esports World Cup 2024

VOD

Have the link to the VOD?

Description

Time

  • Played on: Aug. 15, 2024, 6:15 a.m.
  • Length: 5:07

All games in this series

Show
View Real Time Build Order
Export as new Build Order

Dark Zerg - Winner!

Build Orders: Hatch First 

Get SALT Encoding   

  12  0:00  Drone  
  13  0:12  Overlord  
  13  0:17  Drone  
  14  0:32  Drone x2  
  16  0:49  Hatchery  
  15  1:03  Spawning Pool  
  14  1:07  Drone  
  15  1:11  Drone  
  15  1:15  Drone  
  17  1:24  Drone  
  18  1:26  Extractor  
  17  1:50  Queen, Zergling x4  
  17  1:51  Zergling x2  
  17  1:53  Spine Crawler  
  22  2:01  Zergling x2  
  22  2:02  Zergling x2  
  23  2:11  Queen  
  25  2:17  Zergling x4  
  28  2:26  Zergling x2  
  28  2:35  Overlord  
  28  2:36  Zergling x2  
  27  2:40  Metabolic Boost  
  27  2:47  Zergling x2  
  28  2:55  Zergling x8  
  31  3:06  Zergling x4  
  29  3:17  Roach Warren  
  28  3:22  Drone x4  
  28  3:25  Overlord  
  33  3:29  Drone  
  34  3:38  Drone  
  34  3:40  Drone  
  36  3:44  Baneling Nest  
  36  3:46  Drone  
  36  3:57  Zergling x2  
  36  3:58  Zergling x2  
  38  4:04  Zergling x2  
  39  4:11  Overlord  
  39  4:12  Zergling x2  
  40  4:20  Zergling x2  
  41  4:27  Baneling x5  
  41  4:28  Zergling x4  
  41  4:29  Zergling x2  
  41  4:30  Zergling x6  
  47  4:34  Zergling x2  
  47  4:36  Baneling  
  47  4:37  Zergling x2  
  50  4:45  Zergling x2  
Show
View Real Time Build Order
Export as new Build Order

Astrea Protoss 

Build Orders:  

Get SALT Encoding   

  12  0:01  Probe  
  13  0:13  Probe  
  14  0:25  Probe  
  15  0:32  Pylon  
  15  0:50  Gateway, Probe  
  15  0:52  Gateway  
  16  1:02  Probe  
  16  1:03  Assimilator  
  17  1:08  Pylon  
  17  1:14  Probe  
  18  1:26  Probe  
  19  1:35  Zealot (Chrono Boost)  
  19  1:37  Zealot (Chrono Boost)  
  23  1:43  Cybernetics Core  
  23  1:44  Probe  
  24  1:54  Zealot  
  24  1:56  Zealot  
  27  2:20  Adept (Chrono Boost)  
  29  2:28  Warp Gate, Adept (Chrono Boost)  
  30  2:45  Pylon  
  31  2:53  Pylon  
  31  2:58  Adept  
  31  3:00  Nexus  
  31  3:07  Probe  
  24  3:22  Probe  
  27  3:37  Assimilator, Probe  
  27  3:41  Pylon  
  24  3:49  Gateway  
  24  3:50  Gateway  
  24  3:52  Shield Battery  
  24  3:59  Probe  
  25  4:09  Pylon  
  25  4:11  Probe x2  
  27  4:23  Probe  
  27  4:24  Probe  
  28  4:35  Probe  
  28  4:36  Probe  
  30  4:46  Adept x2  
  30  4:47  Probe  
  30  4:48  Probe  
  36  5:04  Pylon  
Tags
 
Add a new tag
Caveats
  • Supply blocks, unpowered buildings, or Contaminate may cause inaccurate times.
  • Supply counts are checked every 10 seconds.